 Dungeon Crawl Stone Soup version 0.21-a0-143-g1ab7d47 (webtiles) character file.

45 Manul the Skirmisher (level 3, 0/31 HPs)
             Began as a Mummy Wanderer on July 25, 2017.
             Slain by a hobgoblin
             ... wielding a +0 club
              (1 damage)
             ... on level 2 of the Dungeon.
             The game lasted 00:01:38 (1603 turns).

Manul the Skirmisher (Mummy Wanderer)               Turns: 1603, Time: 00:01:38

Health: 0/31       AC:  5    Str: 15    XL:     3   Next: 42%
Magic:  3/3        EV: 10    Int: 12    God:
Gold:   20         SH:  0    Dex: 11    Spells: 2/2 levels left

rFire    x . .     SeeInvis .   d - +0 hand axe
rCold    + . .     Gourm    .   (no shield)
rNeg     + + +     Faith    .   f - +0 ring mail
rPois    ∞         Spirit   .   (no helmet)
rElec    .         Reflect  .   (no cloak)
rCorr    .         Harm     .   (no gloves)
MR       .....                  (no boots)
Stlth    +.........             g - amulet of rage
HPRegen  0.10/turn              (no ring)
MPRegen  0.08/turn              (no ring)

@: no status effects
A: no food or potions, fire vulnerability, cold resistance 1, negative energy
resistance 3, torment resistance, unbreathing
a: no special abilities


You were on level 2 of the Dungeon.
You were not hungry.

You visited 1 branch of the dungeon, and saw 2 of its levels.

You collected 20 gold pieces.

Inventory:

Hand Weapons
 d - a +0 hand axe (weapon)
 e - a +0 dagger
Missiles
 b - 4 throwing nets (quivered)
Armour
 a - a +0 leather armour
 c - a +0 ring mail
 f - a +0 ring mail (worn)
Jewellery
 g - an amulet of rage (around neck)


   Skills:
 + Level 4.4 Fighting
 + Level 1.9 Axes
 + Level 1.2 Armour
 + Level 1.2 Dodging
 - Level 1.5 Stealth
 + Level 1.0 Evocations


You had 2 spell levels left.
You didn't know any spells.

Dungeon Overview and Level Annotations

Branches:
Dungeon (2/15)

Altars:


Innate Abilities, Weirdness & Mutations

You do not eat or drink.
Your flesh is vulnerable to fire.
You are immune to poison.
Your flesh is cold resistant. (rC+)
You are immune to negative energy. (rN+++)
You are immune to unholy pain and torment.
You can survive without breathing.


Message History

The kobold hits you but does no damage. The rat bites you but does no damage.
The hobgoblin hits you with a club.
* * * LOW HITPOINT WARNING * * *
The kobold closely misses you. The rat closely misses you.
The kobold hits you but does no damage.
The hobgoblin hits you but does no damage.
The rat bites you but does no damage. The kobold barely misses you.
The hobgoblin hits you with a club.
* * * LOW HITPOINT WARNING * * *
The rat bites you.
* * * LOW HITPOINT WARNING * * *
The kobold hits you but does no damage. The hobgoblin barely misses you.
The rat bites you but does no damage. The kobold hits you but does no damage.
The hobgoblin hits you but does no damage.
The rat closely misses you. The kobold hits you but does no damage.
The hobgoblin hits you with a club.
* * * LOW HITPOINT WARNING * * *
The rat closely misses you. The kobold completely misses you.
The hobgoblin hits you with a club.
You die...

..###### .......
#......# .......
#......# .......
#......# .......
#......# .......
#......# .......
#......########
......g###..!...##......
......K@.......>...##...
......r..####.....##..♣.
#+#......# #.....#.....
####...# #.....#.....
#...# #.....#..<.. #...#
#.....#..... #...#
#######..... .....
##..♣. ##...


You could see a hobgoblin, a kobold and a rat.

Vanquished Creatures
  2 adders (D:2)
  A leopard gecko (D:2)
  7 hobgoblins (D:1)
  7 bats
  2 frilled lizards
  2 goblins (D:1)
  2 kobolds (D:1)
  5 rats (D:1)
28 creatures vanquished.

Vanquished Creatures (others)
  A plant (D:1)
1 creature vanquished.

Grand Total: 29 creatures vanquished

Notes
Turn   | Place    | Note
-------+----------+-------------------------------------------
     0 | D:1      | Manul the Mummy Wanderer began the quest for the Orb.
     0 | D:1      | Manul set off with: a +0 leather armour, 4 throwing nets, a +0 ring mail, a +0 hand axe, a +0 dagger
     0 | D:1      | Reached XP level 1. HP: 19/19 MP: 1/1
   971 | D:1      | Reached XP level 2. HP: 26/26 MP: 2/2
  1473 | D:2      | Reached XP level 3. HP: 20/31 MP: 3/3
  1601 | D:2      | HP: 1/31 [hobgoblin/club (1)]
  1603 | D:2      | Slain by a hobgoblin

Vault maps used:
D:1:      lightli_arrival_isolated_outpost, hangedman_decor_diamond_cutter,
          serial_bayou_lake_a
D:2:      old_standard_altar, grunt_ministairs_10

Action                   || total
-------------------------++-------
Melee: Hand axe          ||   143
Armor: Leather armour    ||    12
       Ring mail         ||   114
Dodge: Dodged            ||   133
